 Dungeon Crawl Stone Soup version 0.21.0-3-g78d12a8 (webtiles) character file.

15 Ignatius881 the Firebug (level 2, 0/15 HPs)
             Began as a Deep Elf Fire Elementalist on Jan 9, 2018.
             Slain by an adder (2 damage)
             ... on level 2 of the Dungeon.
             The game lasted 00:03:03 (1082 turns).

Ignatius881 the Firebug (DEFE)                      Turns: 1082, Time: 00:03:03

Health: 0/15       AC:  3    Str:  5    XL:     2   Next: 34%
Magic:  1/8        EV: 13    Int: 19    God:
Gold:   71         SH:  0    Dex: 15    Spells: 4/7 levels left

rFire    . . .     SeeInvis .   c - +0 dagger
rCold    . . .     Gourm    .   (no shield)
rNeg     . . .     Faith    .   a - +0 robe
rPois    .         Spirit   .   (no helmet)
rElec    .         Reflect  .   (no cloak)
rCorr    .         Harm     .   (no gloves)
MR       .....                  l - +0 pair of boots
Stlth    ++........             (no amulet)
HPRegen  0.05/turn              (no ring)
MPRegen  0.11/turn              (no ring)

@: very slightly contaminated
A: no striking features
a: no special abilities


You were on level 2 of the Dungeon.
You were hungry.

You visited 1 branch of the dungeon, and saw 2 of its levels.

You collected 71 gold pieces.

Inventory:

Hand Weapons
 c - a +0 dagger (weapon)
   (You found it on level 1 of the Dungeon)
Missiles
 d - 11 poisoned needles (quivered)
Armour
 a - a +0 robe (worn)
 l - a +0 pair of boots (worn)
   (You found it on level 1 of the Dungeon)
Scrolls
 g - a scroll of remove curse {unknown}
 h - a scroll of enchant armour {unknown}
 j - a scroll of immolation {unknown}
 k - a scroll of random uselessness {unknown}
Potions
 f - a potion of curing {unknown}
Books
 b - a book of Flames
Comestibles
 e - 6 rations


   Skills:
 - Level 2.4 Dodging
 - Level 2.4 Stealth
 + Level 3.3 Spellcasting
 * Level 2.0 Conjurations
 + Level 3.5 Fire Magic


You had 4 spell levels left.
You knew the following spells:

 Your Spells              Type           Power        Failure   Level  Hunger
a - Flame Tongue          Conj/Fire      ##...        4%          1    None
b - Throw Flame           Conj/Fire      ##....       7%          2    ##.....


Dungeon Overview and Level Annotations

Branches:
Dungeon (2/15)

Altars:


Message History

Aim: a rat (resting)
The flame tongue hits the rat.
You kill the rat!
You start resting.
e - 6 rations (gained 1)
A rat comes into view.
You don't know that spell.
Aim: a rat (resting)
The puff of flame hits the rat.
Aim: a rat (heavily wounded)
The puff of flame hits the rat.
You kill the rat!
You start resting.
You are feeling hungry.
A jackal comes into view.
Okay, then.
A kobold comes into view. It is wielding a short sword.
Aim: a kobold, wielding a short sword (resting)
You miscast Throw Flame.
You are very lightly contaminated with residual magic.
You have a brief vision of globes of primordial fire.
Aim: a kobold, wielding a short sword (resting)
The puff of flame hits the kobold.
The kobold shouts!
An adder comes into view.
Aim: a kobold, wielding a short sword (severely wounded)
The puff of flame hits the kobold.
You kill the kobold!
The adder hisses angrily.
Aim: an adder The puff of flame hits the adder.
A leopard gecko comes into view.
You don't have enough magic to cast that spell.
Tossing away (i - inventory):
d - 12 poisoned needles (quivered)
Aim: an adder (moderately wounded)
You toss away a poisoned needle.
The poisoned needle closely misses the adder.
The leopard gecko hisses angrily.
You closely miss the adder. The adder barely misses you.
The adder bites you but does no damage.
You hit the adder but do no damage. The adder misses you.
You hit the adder but do no damage. The adder bites you.
You hit the adder. The adder bites you. The adder barely misses you.
You closely miss the adder. The adder misses you.
You hit the adder. The adder bites you.
* * * LOW HITPOINT WARNING * * *
You miss the adder. The adder bites you.
* * * LOW HITPOINT WARNING * * *
You miss the adder. The adder closely misses you. The adder bites you.
You die...

.. #. #. #) #( #l
##########
######S###........#
#......@...######.#
#.####.##....# .#
#<.........#.####.#
#######.##..............#
............##..##..##..#
.######....####....####...#
#.##.## ##..## .#.#
#.....## #..# .# #
####...###..###....


You could see an adder and a leopard gecko.

Vanquished Creatures
  3 goblins (D:1)
  3 hobgoblins (D:1)
  3 kobolds
  A ball python (D:1)
  2 bats (D:1)
  A frilled lizard (D:1)
  2 rats (D:2)
15 creatures vanquished.

Notes
Turn   | Place    | Note
-------+----------+-------------------------------------------
     0 | D:1      | Ignatius881 the Deep Elf Fire Elementalist began the quest for the Orb.
     0 | D:1      | Reached XP level 1. HP: 10/10 MP: 6/6
   353 | D:1      | Reached XP level 2. HP: 15/15 MP: 6/8
   374 | D:1      | Learned a level 2 spell: Throw Flame
  1082 | D:2      | Slain by an adder

Skill      XL: |  1  2 |
---------------+-------+-----
Conjurations   | 2 |  2.0
Dodging        | |  2.4
Stealth        | |  2.4
Spellcasting   | |  3.3
Fire Magic     | |  3.5

Action                   || total
-------------------------++-------
Melee: Dagger            ||     8
 Cast: Flame Tongue      ||    14
       Throw Flame       ||     8
Armor: Robe              ||     1
Dodge: Dodged            ||     5
